 Dungeon Sprint DCSS version 0.18-a0-270-ga9d907f (webtiles) character file.

46 Kidiri the Sneak (level 3, -5/27 HPs)
             Began as a Spriggan Enchanter on Nov 26, 2015.
             Slain by Crazy Yiuf
             ... wielding a +4 quarterstaff of chaos
              (8 damage)
             ... in the Dungeon (Sprint III: "The Ten Rune Challenge").
             The game lasted 00:01:29 (357 turns).

Kidiri the Sneak (Spriggan Enchanter)                Turns: 357, Time: 00:01:29

Health: -5/27      AC:  3    Str:  9    XL:     3   Next: 44%
Magic:  1/9        EV: 20    Int: 16    God:
Gold:   0          SH:  0    Dex: 17    Spells: 4 memorised, 1 level left

rFire  . . .     SeeInvis +     a - +1 dagger
rCold  . . .     Clarity  .     b - +1 robe
rNeg   . . .     SustAt   .     (shield restricted)
rPois  .         Gourm    .     (helmet restricted)
rElec  .         Spirit   .     (no cloak)
rCorr  .         Warding  .     (gloves unavailable)
rMut   .         NoTele   +     (boots unavailable)
MR     .....                    (no amulet)
Stlth  ..........               (no ring)
                                (no ring)

@: berserking, very quick, not resistant to hostile enchantments, extremely
unstealthy
A: unfitting armour, see invisible, herbivore 3, speed 3, slow metabolism 2
a: no special abilities


You were in the Dungeon.
You were not hungry.

You visited 1 branch

Inventory:

Hand Weapons
 a - a +1 dagger (weapon)
Armour
 b - a +1 robe (worn)
Scrolls
 j - a scroll of blinking
Potions
 g - a potion of haste
 h - 2 potions of magic
Books
 c - a book of Maledictions

   Spells                             Type                      Level
   a - Corona                         Hexes                        1
   b - Ensorcelled Hibernation        Hexes/Ice                    2
   c - Confuse                        Hexes                        3
   d - Tukima's Dance                 Hexes                        3
   e - Dazzling Spray                 Conjuration/Hexes            3
Comestibles
 d - a bread ration


   Skills:
 + Level 1.3 Fighting
 * Level 3.0 Short Blades
 + Level 1.3 Armour
 * Level 5.1 Dodging
 * Level 6.3 Stealth
 * Level 4.3 Spellcasting
 + Level 0.0 Conjurations
 + Level 4.2 Hexes
 + Level 0.4 Ice Magic


You had one spell level left.
You knew the following spells:

 Your Spells              Type           Power        Failure   Level  Hunger
a - Corona                Hex            ###....      3%          1    None
b - Ensorcelled Hibernat  Hex/Ice        ##....       12%         2    ##.....
c - Confuse               Hex            ###.....     12%         3    ###....
e - Dazzling Spray        Conj/Hex       ##......     21%         3    ###....


Dungeon Overview and Level Annotations

Branches:
Dungeon (1/1)

Altars:

Annotations:
D Crazy Yiuf


Innate Abilities, Weirdness & Mutations

You are tiny and cannot use many weapons and most armour.
You have supernaturally acute eyesight.
You are a herbivore.
You cover ground extremely quickly.
You need consume almost no food.


Message History

You hit Crazy Yiuf.
Crazy Yiuf is lightly wounded.
Crazy Yiuf hits you with a quarterstaff of chaos!
Ouch! That really hurt!
* * * LOW HITPOINT WARNING * * *
You hit Crazy Yiuf.
Crazy Yiuf is lightly wounded.
Unknown command.
Drink which item? (? for menu, Esc to quit)
A red film seems to cover your vision as you go berserk!
You feel yourself moving faster!
You feel mighty! Crazy Yiuf closely misses you.
You puncture Crazy Yiuf!
Crazy Yiuf is severely wounded.
You completely miss Crazy Yiuf.
Crazy Yiuf is severely wounded.
You hit Crazy Yiuf.
Crazy Yiuf is almost dead.
Crazy Yiuf hits you with a quarterstaff of chaos!
You die...

▓..# #.....♣♣
▓#'####......♣
▓.....#....≈.♣
▓.....#...≈≈♣♣ ♣♣
▓....[#..≈≈≈≈♣♣.♣ +
▓####'#..≈≈≈≈≈≈.♣.#
▓(....#.≈≈≈≈≈≈....#
▓.)...#g≈≈≈≈≈.....#
▓.....#@≈≈≈.......#
▓'#####...........#
▓.................#
▓▓▓▓▓▓▓▓▓▓▓▓▓▓▓▓▓▓▓


You could see Crazy Yiuf.

Vanquished Creatures
  Jessica (D)
  A human (D)
  3 rats (D)
5 creatures vanquished.

Vanquished Creatures (others)
  2 draconian scorchers (D)
  A yaktaur (D)
  4 plants (D)
7 creatures vanquished.

Grand Total: 12 creatures vanquished

Notes
Turn   | Place    | Note
--------------------------------------------------------------
     0 | D        | Kidiri the Spriggan Enchanter began the quest for the Orb.
     0 | D        | Reached XP level 1. HP: 9/9 MP: 5/5
    15 | D        | Noticed Jessica
    18 | D        | Killed Jessica
    18 | D        | Reached skill level 1 in Fighting
    18 | D        | Reached skill level 1 in Armour
    18 | D        | Reached skill level 6 in Stealth
    18 | D        | Reached XP level 2. HP: 12/14 MP: 6/8
    25 | D        | Learned a level 2 spell: Ensorcelled Hibernation
    74 | D        | Killed a yaktaur
    91 | D        | Reached skill level 5 in Dodging
    91 | D        | Reached XP level 3. HP: 7/18 MP: 2/9
   216 | D        | Killed a white draconian scorcher
   216 | D        | Killed a white draconian scorcher
   264 | D        | Learned a level 3 spell: Confuse
   268 | D        | Learned a level 3 spell: Dazzling Spray
   335 | D        | Noticed Crazy Yiuf
   357 | D        | Slain by Crazy Yiuf

Vault maps used:
D:        dungeon_sprint_mu

Action                   || total
-------------------------++-------
Melee: Dagger            ||    24
 Cast: Ensorcelled Hiber ||     7
       Corona            ||     2
  Use: Potion            ||     3
 Stab: Sleeping          ||     4
